 Dungeon Crawl Stone Soup version 0.22.1-2-g9c5b331383 (webtiles) character file.

124 Adamkad1 the Ducker (level 4, -8/18 HPs)
             Began as a Felid Air Elementalist on Dec 14, 2018.
             Mangled by Grinder (10 damage)
             ... on level 3 of the Dungeon.
             The game lasted 00:20:00 (4344 turns).

Adamkad1 the Ducker (Felid Air Elementalist)        Turns: 4344, Time: 00:20:01

Health: -8/18      AC:  1    Str:  4    XL:     4   Next: 81%
Magic:  9/9        EV: 20    Int: 17    God:
Gold:   144        SH:  0    Dex: 17    Spells: 0/9 levels left
                                        Lives:  0   Deaths: 1

rFire    . . .     SeeInvis +   (weapon unavailable)
rCold    . . .     Gourm    .   (shield unavailable)
rNeg     . . .     Faith    .   (armour unavailable)
rPois    .         Spirit   .   (helmet unavailable)
rElec    .         Reflect  .   (cloak unavailable)
rCorr    .         Harm     .   (gloves unavailable)
MR       .....                  (boots unavailable)
Stlth    ++++......             d - amulet of regeneration
HPRegen  0.46/turn              e - ring of stealth
MPRegen  0.11/turn              (no ring)

@: quick
A: very small, no armour, no weapons or thrown items, stealth, claws 1, fangs 3,
see invisible, carnivore, speed 1, shaggy fur 1, slow metabolism 1, sharp paws
a: no special abilities


You were on level 3 of the Dungeon.
You were not hungry.

You visited 1 branch of the dungeon, and saw 3 of its levels.

You collected 144 gold pieces.

Inventory:

Jewellery
 d - an amulet of regeneration (around neck)
 e - a ring of stealth (left paw)
Wands
 c - a wand of random effects (31)
Scrolls
 a - 6 scrolls of identify
 g - a scroll of amnesia
 j - a scroll of immolation {unknown}
Potions
 f - a potion of might {unknown}
 h - a potion of berserk rage {unknown}
Comestibles
 b - 3 rations


   Skills:
 * Level 4.4 Dodging
 + Level 4.4 Stealth
 - Level 0.1 Unarmed Combat
 * Level 3.2 Spellcasting
 + Level 1.8 Conjurations
 * Level 3.8 Air Magic


You couldn't memorise any spells.
You knew the following spells:

 Your Spells              Type           Power        Failure   Level  Hunger
a - Shock                 Conj/Air       ##..         5%          1    None
b - Static Discharge      Conj/Air       ##......     16%         3    ###....
c - Swiftness             Chrm/Air       #.......     12%         2    ##.....
d - Airstrike             Air            ###.......   34%         4    ####...

Your spell library contained the following spells:

 Spells                   Type           Power        Failure   Level  Hunger
 Lightning Bolt           Conj/Air       ##........   83%         5    ######.


Dungeon Overview and Level Annotations

Branches:
Dungeon (3/15)

Altars:
Elyvilon
Ru

Annotations:
D:2 Sigmund
D:3 Grinder


Innate Abilities, Weirdness & Mutations

You cannot wear armour.
You are incapable of wielding weapons or throwing items.
Your paws allow you to move quietly. (Stealth)
You have sharp claws.
You have razor-sharp teeth.
You have supernaturally acute eyesight. (SInv)
You are carnivorous and can eat meat at any time.
You cover ground quickly.
You are covered in fur. (AC +1)
You have a slow metabolism.
Your sharp claws are effective at attacking unaware monsters.


Message History

You struggle to resist.
Grinder blinks!
Grinder gestures at you.
You suddenly lose the ability to move!
Grinder blinks!
Grinder hits you!
Ouch! That really hurt!
You writhe in agony.
* * * LOW HITPOINT WARNING * * *
Grinder gestures at you.
You struggle to resist.
The big kobold hits you with a club.
* * * LOW HITPOINT WARNING * * *
Grinder blinks!
You can move again.
Grinder says, "You look like you could use a good racking."
Grinder misses you. Grinder hits you!
Ouch! That really hurt!
You die...

###.#####.##.##.#...##.....#.....
#.........#...#.#......#####.....
#.#.#.....#.♣.#<#.##.##### #.....
#.#.#.###.#...#.#.##.....# #.....
#.#.#.# #.##.##.#.##..##.# #.....
#.#.#.# #.##.##.#.##..##.# #.....
#.#.#####.##.##.#####.##.# #.#.#.
#...#...###...###...#..#.# #.#.#.
......♣....._...@5♣....#.###.#.#+
....#...###...###K..#............
....##### ##.## #######..###.#...
....##### #.# #....# #.#...
........# ##.## #....###.# 5.
..#.###.# #...# #.....##.#...
..#.# #.# #.♣.# #............
..#.# #.# #...# #####.##.##..
..#.# #.# ##.## #.†#5#


You could see Grinder and a big kobold.

Vanquished Creatures
  An orc wizard (D:2)
  Natasha (twice) (D:2)
  Robin (D:2)
  4 adders
  A leopard gecko (D:1)
  An orc (D:3)
  A ball python (D:2)
  6 bats
  A giant cockroach (D:1)
  20 goblins
  10 hobgoblins
  A jackal (D:2)
  7 frilled lizards
  31 kobolds
  8 rats
95 creatures vanquished.

Vanquished Creatures (others)
  Natasha (D:2)
1 creature vanquished.

Grand Total: 96 creatures vanquished

Notes
Turn   | Place    | Note
-------+----------+-------------------------------------------
     0 | D:1      | Adamkad1 the Felid Air Elementalist began the quest for the
                  | Orb.
     0 | D:1      | Reached XP level 1. HP: 7/7 MP: 4/4
   652 | D:1      | Reached XP level 2. HP: 11/11 MP: 0/6
  1016 | D:1      | Reached skill level 1 in Conjurations
  1365 | D:2      | Reached XP level 3. HP: 14/14 MP: 2/7
  1486 | D:2      | Noticed Natasha
  1528 | D:2      | Learned a level 3 spell: Static Discharge
  1539 | D:2      | Learned a level 2 spell: Swiftness
  1570 | D:2      | Noticed Sigmund
  1883 | D:2      | Killed Natasha
  1883 | D:2      | Reached XP level 4. HP: 18/18 MP: 1/8
  1924 | D:2      | Noticed Natasha
  1942 | D:2      | Killed Natasha
  2091 | D:2      | Noticed Natasha
  2186 | D:2      | Killed Natasha
  2535 | D:2      | Reached XP level 5. HP: 17/21 MP: 1/10
  2619 | D:2      | Found a sacrificial altar of Ru.
  3361 | D:2      | Noticed Robin
  3370 | D:2      | Killed Robin
  3517 | D:3      | Learned a level 4 spell: Airstrike
  3575 | D:3      | Noticed Grinder
  3718 | D:3      | Found a white marble altar of Elyvilon.
  4272 | D:3      | Killed from afar by an orc wizard
  4273 | D:3      | Reached XP level 4. HP: -6/18 MP: 3/9
  4336 | D:3      | Paralysed by Grinder for 5 turns
  4344 | D:3      | Mangled by Grinder

Skill      XL: |  1  2  3  4  5 |
---------------+----------------+-----
Stealth        | 3 4 |  4.4
Air Magic      | 3 |  3.8
Conjurations   | 1 |  1.8
Dodging        | 3 4 |  4.4
Spellcasting   | 3 |  3.2
Unarmed Combat | |  0.1

Action                   |  1- 3 |  4- 6 || total
-------------------------+-------+-------++-------
Melee: Unarmed           |    11 |     3 ||    14
       Bite              |     1 |       ||     1
 Cast: Shock             |    59 |   132 ||   191
       Static Discharge  |     2 |     5 ||     7
       Airstrike         |       |     1 ||     1
  Use: Scroll            |     1 |     3 ||     4
       Potion            |     1 |       ||     1
 Stab: Sleeping          |     2 |     1 ||     3
  Eat: Chunk             |     9 |     7 ||    16
Armor: Skin              |     5 |     2 ||     7
Dodge: Dodged            |    90 |    84 ||   174
